 Dungeon Crawl Stone Soup version 0.27.1-4-g1640c2035a (webtiles) character file.

Game seed: 17494011892717218076

676 zeram the Chopper (level 7, 0/61 HPs)
             Began as a Minotaur Fighter on Nov 13, 2021.
             Was an Initiate of Gozag.
             Slain by a gnoll (2 damage)
             ... on level 5 of the Dungeon.
             The game lasted 00:05:28 (4365 turns).

zeram the Chopper (Minotaur Fighter)                Turns: 4365, Time: 00:05:29

Health: 0/61       AC:  8    Str: 23    XL:     7   Next: 33%
Magic:  6/6        EV:  8    Int:  5    God:    Gozag
Gold:   94         SH: 10    Dex:  9    Spells: 6/6 levels left

rFire    . . .     SeeInvis .   a - +1 war axe
rCold    . . .     Faith    .   c - +0 kite shield
rNeg     . . .     Spirit   .   b - +0 scale mail
rPois    .         Reflect  .   (helmet restricted)
rElec    .         Harm     .   (no cloak)
rCorr    .         Rampage  .   (no gloves)
Will     .....                  n - +0 pair of boots
Stlth    ..........             (no amulet)
HPRegen  0.20/turn              (no ring)
MPRegen  0.10/turn              (no ring)

@: no status effects
A: horns 2, retaliatory headbutt
a: Renounce Religion, Potion Petition, Call Merchant, Bribe Branch


You were on level 5 of the Dungeon.
You worshipped Gozag.
Gozag was noncommittal.
You visited 2 branches of the dungeon, and saw 6 of its levels.

You collected 121 gold pieces.
You paid 27 gold pieces to Gozag.

Inventory:

Hand Weapons
 a - a +1 war axe (weapon)
Missiles
 q - 2 throwing nets (quivered)
Armour
 b - a +0 scale mail (worn)
 c - a +0 kite shield (worn)
 n - a +0 pair of boots (worn)
Wands
 d - a wand of flame (24)
 m - a wand of acid (9)
Scrolls
 i - a scroll of fog
 j - a scroll of blinking {unknown}
Potions
 e - 4 potions of curing {unknown}
 f - a potion of resistance {unknown}
 g - 3 potions of flight {unknown}
 h - a potion of haste {unknown}
 p - a potion of mutation {unknown}


   Skills:
 + Level 5.1 Fighting
 + Level 6.6 Axes
 + Level 5.9 Armour
 + Level 5.6 Shields


You had 6 spell levels left.
You didn't know any spells.
Your spell library was empty.

Dungeon Overview and Level Annotations

Branches:
Dungeon (5/15)             Temple (1/1) D:4

Altars:
Elyvilon
Fedhas
Gozag
Hepliaklqana
Kikubaaqudgha
Nemelex Xobeh
Okawaru
Qazlal
Sif Muna
Trog
Wu Jian
Yredelemnul


Innate Abilities, Weirdness & Mutations

You have a pair of horns on your head.
You reflexively headbutt those who attack you in melee.


Message History

The black bear barely misses you.
The black bear claws you but does no damage. x2
You block the gnoll's attack. x2
The gnoll shaman calls upon its god to heal the gnoll.
The gnoll is healed somewhat.
The black bear bites you but does no damage.
The black bear claws you.
* * * LOW HITPOINT WARNING * * *
The black bear claws you.
* * * LOW HITPOINT WARNING * * *
The gnoll closely misses you. You block the gnoll's attack.
You barely miss the black bear.
The black bear is almost dead.
The black bear barely misses you. You furiously retaliate!
You headbutt the black bear!
You kill the black bear!
The gnoll barely misses you.
The gnoll hits you from afar with a +0 halberd.
* * * LOW HITPOINT WARNING * * *
The gnoll hits you from afar with a +0 spear.
* * * LOW HITPOINT WARNING * * *
The gnoll shaman is distracted by your dazzling golden aura.
Okay, then.
Okay, then.
The gnoll is distracted by your dazzling golden aura.
The gnoll shaman is no longer distracted by gold.
Found a black potion.
The gnoll is no longer distracted by gold.
The gnoll is distracted by your dazzling golden aura.
You open the door.
The gnoll hits you from afar with a +0 spear.
* * * LOW HITPOINT WARNING * * *
The gnoll hits you from afar with a +0 spear.
* * * LOW HITPOINT WARNING * * *
There is an open door here.
You block the gnoll's attack.
You close the door.
A gnoll opens the door.
The gnoll hits you from afar with a +0 spear.
You die...
Your body crumbles into a pile of gold.

# #...........#...#.....#
#+###...........#.### ....##+####
.........########.#####..........
.........# +...#...#..........
.........# #...'...#..........
.........# #...#...#..........
.........# ##+###.##..........
)...###### ###..###.#....##+####
....'....+ #...@.#..#....#......
....#....# #.....#..'....#......
....##########g####+##....#+####'
##+#.............................
#..'.............................
#..#...........!.................
##...............................
gg######.....######+#############
..# #.....#


You could see a gnoll (fast).

Vanquished Creatures
  Edmund (D:4)
  A black bear (D:5)
  An ogre (D:3)
  A howler monkey (D:5)
  A jelly (D:5)
  2 hounds
  An iguana (D:4)
  An orc wizard (D:4)
  Terence (D:3)
  6 gnolls
  4 adders
  A worm (D:2)
  A dart slug (D:3)
  6 orcs (D:3)
  6 endoplasms
  2 giant cockroaches
  7 goblins
  7 hobgoblins
  5 jackals (D:1)
  7 kobolds
  3 quokkas
  5 ball pythons
  6 bats
  7 frilled lizards
  4 rats
87 creatures vanquished.

Notes
Turn   | Place    | Note
-------+----------+-------------------------------------------
     0 | D:1      | zeram the Minotaur Fighter began the quest for the Orb.
     0 | D:1      | Reached XP level 1. HP: 19/19 MP: 0/0
   151 | D:1      | Reached XP level 2. HP: 19/27 MP: 1/1
   574 | D:1      | Found a faded altar of an unknown god.
   693 | D:1      | Reached XP level 3. HP: 32/33 MP: 2/2
   786 | D:1      | Reached skill level 3 in Axes
  1439 | D:2      | You fall into a shaft and drop 1 floor!
  1543 | D:3      | Noticed Terence
  1552 | D:3      | Killed Terence
  1553 | D:3      | Reached XP level 4. HP: 21/40 MP: 3/3
  1981 | D:3      | Reached skill level 4 in Axes
  2357 | D:3      | Noticed an ogre
  2362 | D:3      | Killed an ogre
  2363 | D:3      | Reached XP level 5. HP: 46/47 MP: 4/4
  2564 | D:3      | Reached skill level 5 in Armour
  2593 | D:2      | Reached skill level 5 in Axes
  3403 | D:4      | Reached XP level 6. HP: 53/53 MP: 5/5
  3509 | D:4      | Found a staircase to the Ecumenical Temple.
  3524 | D:4      | Reached skill level 5 in Shields
  3649 | D:4      | Noticed Edmund
  3661 | D:4      | Killed Edmund
  4013 | Temple   | Entered the Ecumenical Temple
  4039 | Temple   | Became a worshipper of Gozag Ym Sagoz the Greedy
  4109 | D:5      | Entered Level 5 of the Dungeon
  4209 | D:5      | Reached skill level 6 in Axes
  4287 | D:5      | Reached XP level 7. HP: 60/60 MP: 6/6
  4301 | D:5      | Reached skill level 5 in Fighting
  4361 | D:5      | HP: 3/61 [gnoll (5)]
  4361 | D:5      | HP: 1/61 [gnoll (2)]
  4365 | D:5      | Slain by a gnoll

Illustrated notes

Levels and vault maps discovered:
D:1:      ebering_trefoil_twist, layout_basic,
          hellmonk_ecumenical_altar_prayer_group, minmay_close_crescents
D:2:      cheibrodos_old_hovel, layout_basic
D:3:      layout_basic, serial_bayou_pond_a, uniq_terence
D:4:      layout_basic, minmay_temple_entry_glass, kennysheep_generic_room_3,
          uniq_edmund
D:5:      layout_gridville
Temple:   nicolae_temple_the_god_donut

Skill      XL: |  1  2  3  4  5  6  7 |
---------------+----------------------+-----
Fighting       | 4 5 |  5.1
Armour         | 4 5 |  5.9
Shields        | 4 5 |  5.6
Axes           | 3 4 5 6 |  6.6

Action                   |  1- 3 |  4- 6 |  7- 9 || total
-------------------------+-------+-------+-------++-------
Melee: War axe           |    92 |   121 |    15 ||   228
       Headbutt          |    13 |    23 |     2 ||    38
  Use: Scroll            |     2 |     4 |       ||     6
       Potion            |       |     1 |       ||     1
Armor: Scale mail        |    48 |    44 |    10 ||   102
Dodge: Dodged            |    20 |    42 |    14 ||    76
Block: Kite shield       |    48 |    72 |    21 ||   141
